DSL
DSL NEW YORK (A) YANKEES @ DSL OAKLAND ATHLETICS
06/20/2042
 
TOP OF THE 1ST
DSL New York (A) Yankees batting - Pitching for DSL Oakland Athletics : RHP Augusto Villanueva
Pitching: RHP Augusto Villanueva
Batting: LHB Jon Bennett 0-0: Called Strike
0-1: Swinging Strike
0-2: Strikes out swinging
Batting: RHB Mike Johnson 0-0: Swinging Strike
0-1: Swinging Strike
0-2: Strikes out swinging
Batting: RHB Jake Frazier 0-0: Called Strike
0-1: SINGLE (Groundball, 5D, EV 96.9 MPH)
Batting: RHB José López 0-0: Ball
Jake Frazier steals 2nd base
1-0: Ball
2-0: Called Strike
2-1: Ball
3-1: Foul Ball, location: 2F
3-2: 2-RUN HOME RUN (Flyball, 7LD, EV 95.6 MPH), Distance : 344 ft
Batting: RHB Héctor Escobar 0-0: Called Strike
0-1: Foul Ball, location: 9LDF
0-2: Foul Ball, location: 3F
0-2: Ball
1-2: Ball
2-2: Ball
3-2: Foul Ball, location: 2F
3-2: Foul Ball, location: 9LMF
3-2: Foul Ball, location: 2F
3-2: Foul Ball, location: 3F
3-2: Strikes out looking
Top of the 1st over - 2 runs, 2 hits, 0 errors, 0 left on base; DSL New York (A) 2 - DSL Oakland 0
BOTTOM OF THE 1ST
DSL Oakland Athletics batting - Pitching for DSL New York (A) Yankees : LHP Tommy Benton
Pitching: LHP Tommy Benton
Batting: RHB Tony Meléndez 0-0: Swinging Strike
0-1: Called Strike
0-2: Strikes out looking
Batting: RHB Jesús Romo 0-0: SOLO HOME RUN (Line Drive, 7LD, EV 99.4 MPH), Distance : 372 ft
Batting: RHB Ángelo Lacero 0-0: Called Strike
0-1: Ball
1-1: Called Strike
1-2: Strikes out swinging
Batting: RHB Mauro Gallegos 0-0: Ball
1-0: Foul Ball, location: 9LMF
1-1: Foul Ball, location: 2F
1-2: Foul Ball, location: 2F
1-2: Foul Ball, location: 9LDF
1-2: Ball
2-2: Strikes out swinging
Bottom of the 1st over - 1 run, 1 hit, 0 errors, 0 left on base; DSL New York (A) 2 - DSL Oakland 1
TOP OF THE 2ND
DSL New York (A) Yankees batting - Pitching for DSL Oakland Athletics : RHP Augusto Villanueva
Batting: LHB Greg Scott 0-0: Swinging Strike
0-1: Ball
1-1: Ground out 4-3 (Groundball, 4, EV 88.1 MPH)
Batting: LHB Iván García 0-0: Called Strike
0-1: DOUBLE (Line Drive, 78D, EV 100.6 MPH)
Batting: RHB Sean Burch 0-0: Ball
1-0: Ball
2-0: Foul Ball, location: 5F
2-1: Foul Ball, location: 2F
2-2: Strikes out swinging, 2-3 out at first.
Batting: RHB Don Dixon 0-0: Called Strike
0-1: Ball
1-1: Called Strike
1-2: Strikes out swinging
Top of the 2nd over - 0 runs, 1 hit, 0 errors, 1 left on base; DSL New York (A) 2 - DSL Oakland 1
BOTTOM OF THE 2ND
DSL Oakland Athletics batting - Pitching for DSL New York (A) Yankees : LHP Tommy Benton
Batting: LHB José Cavaco 0-0: Called Strike
0-1: Called Strike
0-2: Foul Ball, location: 7LMF
0-2: Strikes out swinging
Batting: RHB António Garza 0-0: Called Strike
0-1: Ball
1-1: Called Strike
1-2: SINGLE (Groundball, 4MD, EV 104.4 MPH)
Batting: SHB Cristián Meza 0-0: Called Strike
0-1: Ball
1-1: Ball
2-1: Ball
3-1: Grounds into double play, 6-4-3 (Groundball, 6, EV 83.8 MPH)
Bottom of the 2nd over - 0 runs, 1 hit, 0 errors, 0 left on base; DSL New York (A) 2 - DSL Oakland 1
TOP OF THE 3RD
DSL New York (A) Yankees batting - Pitching for DSL Oakland Athletics : RHP Augusto Villanueva
Batting: LHB Jon Bennett 0-0: TRIPLE (Line Drive, 78XD, EV 108.1 MPH)
Batting: RHB Mike Johnson 0-0: Swinging Strike
0-1: Foul Ball, location: 2LF
0-2: Ball
1-2: Ball
2-2: Foul Ball, location: 5SF
2-2: Ball
3-2: Foul Ball, location: 2LF
3-2: Foul Ball, location: 9LSF
3-2: Strikes out looking
Batting: RHB Jake Frazier 0-0: Called Strike
0-1: Swinging Strike
0-2: Ball
1-2: Strikes out swinging
Batting: RHB José López 0-0: Ball
1-0: Ball
2-0: DOUBLE (Groundball, 5L, EV 94.4 MPH)
Jon Bennett scores
Batting: RHB Héctor Escobar 0-0: Called Strike
0-1: Ball
1-1: Ball
2-1: SINGLE (Line Drive, 56D, EV 103.1 MPH)
José López to third
Runner from 3rd tries for Home, throw by LF and OUT! 7-2
Top of the 3rd over - 1 run, 3 hits, 0 errors, 1 left on base; DSL New York (A) 3 - DSL Oakland 1
BOTTOM OF THE 3RD
DSL Oakland Athletics batting - Pitching for DSL New York (A) Yankees : LHP Tommy Benton
Batting: RHB Juan Sierra 0-0: Ball
1-0: Ball
2-0: Foul Ball, location: 2F
2-1: Called Strike
2-2: Ball
3-2: Strikes out swinging
Batting: LHB Álex Vega 0-0: Called Strike
0-1: Called Strike
0-2: Strikes out looking
Batting: RHB Tony Meléndez 0-0: Ball
1-0: Ball
2-0: Ball
3-0: Base on Balls
Batting: RHB Jesús Romo 0-0: Called Strike
0-1: Ball
1-1: Ground out 4-3 (Groundball, 4, EV 106.9 MPH)
Bottom of the 3rd over - 0 runs, 0 hits, 0 errors, 1 left on base; DSL New York (A) 3 - DSL Oakland 1
TOP OF THE 4TH
DSL New York (A) Yankees batting - Pitching for DSL Oakland Athletics : RHP Augusto Villanueva
Batting: LHB Greg Scott 0-0: Ball
1-0: Swinging Strike
1-1: Ball
2-1: Ball
3-1: Called Strike
3-2: Base on Balls
Batting: LHB Iván García 0-0: Bunted foul
0-1: Ball
Greg Scott steals 2nd base
1-1: Sac Bunt to P - play at first, batter OUT! 1-4
Greg Scott to third
Batting: RHB Sean Burch 0-0: Ball
1-0: Ball
2-0: Called Strike
2-1: Ball
3-1: Foul Ball, location: 2F
3-2: Strikes out looking
Batting: RHB Don Dixon 0-0: Called Strike
0-1: Foul Ball, location: 9LMF
0-2: Strikes out looking
Top of the 4th over - 0 runs, 0 hits, 0 errors, 1 left on base; DSL New York (A) 3 - DSL Oakland 1
BOTTOM OF THE 4TH
DSL Oakland Athletics batting - Pitching for DSL New York (A) Yankees : LHP Tommy Benton
Batting: RHB Ángelo Lacero 0-0: Called Strike
0-1: Ball
1-1: Ball
2-1: Ball
3-1: Called Strike
3-2: Base on Balls
Batting: RHB Mauro Gallegos 0-0: Ball
1-0: Called Strike
1-1: Foul Ball, location: 2F
1-2: Ball
2-2: 2-RUN HOME RUN (Flyball, 9LD, EV 91.9 MPH), Distance : 354 ft
Batting: LHB José Cavaco 0-0: Ball
1-0: Ball
2-0: Ground out 5-3 (Groundball, 56, EV 100.0 MPH)
Batting: RHB António Garza 0-0: Ball
1-0: Foul Ball, location: 2F
1-1: Ball
2-1: Swinging Strike
2-2: Ball
3-2: Strikes out looking
Batting: SHB Cristián Meza 0-0: Called Strike
0-1: Ground out 4-3 (Groundball, 4, EV 83.8 MPH)
Bottom of the 4th over - 2 runs, 1 hit, 0 errors, 0 left on base; DSL New York (A) 3 - DSL Oakland 3
TOP OF THE 5TH
DSL New York (A) Yankees batting - Pitching for DSL Oakland Athletics : RHP Augusto Villanueva
Batting: LHB Jon Bennett 0-0: Called Strike
0-1: Ball
1-1: Swinging Strike
1-2: Strikes out swinging
Pitching: LHP Bernardo Pacheco
Batting: RHB Mike Johnson 0-0: TRIPLE (Line Drive, 89XD, EV 104.4 MPH)
Batting: RHB Jake Frazier 0-0: Ball
1-0: Called Strike
1-1: Foul Ball, location: 5DF
1-2: Ball
2-2: Ball
3-2: SINGLE (Groundball, 34D, EV 93.8 MPH)
Mike Johnson scores
Batting: RHB José López 0-0: Swinging Strike
0-1: Swinging Strike
0-2: Ball
1-2: Foul Ball, location: 5F
1-2: Strikes out swinging
Batting: RHB Héctor Escobar 0-0: Ball
1-0: Ball
2-0: Called Strike
2-1: Ball
3-1: Base on Balls
Jake Frazier to second
Batting: LHB Greg Scott 0-0: Ball
1-0: Ball
2-0: Ground out 3-1 (Groundball, 34S, EV 85.0 MPH)
Top of the 5th over - 1 run, 2 hits, 0 errors, 2 left on base; DSL New York (A) 4 - DSL Oakland 3
BOTTOM OF THE 5TH
DSL Oakland Athletics batting - Pitching for DSL New York (A) Yankees : LHP Tommy Benton
Batting: RHB Juan Sierra 0-0: Ball
1-0: Foul Ball, location: 7LSF
1-1: Called Strike
1-2: Foul Ball, location: 2F
1-2: Strikes out swinging
Batting: LHB Álex Vega 0-0: Ball
1-0: Foul Ball, location: 7LDF
1-1: Called Strike
1-2: Strikes out looking
Batting: RHB Tony Meléndez 0-0: Hit by Pitch
Batting: RHB Jesús Romo 0-0: Ball
1-0: Ball
2-0: SINGLE (Line Drive, 6M, EV 94.4 MPH)
Tony Meléndez to second
Batting: RHB Ángelo Lacero 0-0: Foul Ball, location: 3F
0-1: Ball
1-1: Ball
2-1: Swinging Strike
2-2: Foul Ball, location: 25FF
2-2: Foul Ball, location: 2F
2-2: Foul Ball, location: 2RF
2-2: Fielders Choice at 3rd, U5 (Groundball, 5, EV 78.8 MPH)
Bottom of the 5th over - 0 runs, 1 hit, 0 errors, 1 left on base; DSL New York (A) 4 - DSL Oakland 3
TOP OF THE 6TH
DSL New York (A) Yankees batting - Pitching for DSL Oakland Athletics : LHP Bernardo Pacheco
Batting: LHB Iván García 0-0: Fly out, F8 (Line Drive, 89D, EV 110.0 MPH)
Batting: RHB Sean Burch 0-0: Ball
1-0: Ball
2-0: Ball
3-0: Base on Balls
Batting: RHB Don Dixon 0-0: Ball
1-0: Called Strike
1-1: Foul Ball, location: 2F
1-2: Strikes out looking
Batting: LHB Jon Bennett 0-0: SINGLE (Line Drive, 9S, EV 98.1 MPH)
Sean Burch to second
Runner from 2nd tries for 3rd, SAFE, throw by RF made to third
Pitching: RHP Cris Ruíz
Batting: RHB Mike Johnson 0-0: Ball
1-0: 3-RUN HOME RUN (Flyball, 7D, EV 95.6 MPH), Distance : 383 ft
Batting: RHB Jake Frazier 0-0: Ball
1-0: Foul Ball, location: 23F
1-1: Fly out, F8 (Flyball, 8LXD, EV 101.3 MPH)
Top of the 6th over - 3 runs, 2 hits, 0 errors, 0 left on base; DSL New York (A) 7 - DSL Oakland 3
BOTTOM OF THE 6TH
DSL Oakland Athletics batting - Pitching for DSL New York (A) Yankees : LHP Tommy Benton
Batting: RHB Mauro Gallegos 0-0: Ground out 4-3 (Groundball, 4, EV 84.4 MPH)
Batting: LHB José Cavaco 0-0: Ball
1-0: Ball
2-0: Called Strike
2-1: Called Strike
2-2: Foul Ball, location: 25F
2-2: Foul Ball, location: 2F
2-2: Ball
3-2: Strikes out swinging
Batting: RHB António Garza 0-0: Called Strike
0-1: DOUBLE (Line Drive, 7LM, EV 91.9 MPH)
Pitching: LHP Freddie O'Madden
Batting: SHB Cristián Meza 0-0: Foul Ball, location: 9LDF
0-1: Ball
1-1: Swinging Strike
1-2: Ball
2-2: Foul Ball, location: 2F
2-2: Strikes out swinging
Bottom of the 6th over - 0 runs, 1 hit, 0 errors, 1 left on base; DSL New York (A) 7 - DSL Oakland 3
TOP OF THE 7TH
DSL New York (A) Yankees batting - Pitching for DSL Oakland Athletics : RHP Cris Ruíz
Batting: RHB José López 0-0: Ball
1-0: Called Strike
1-1: Ball
2-1: Ball
3-1: Base on Balls
Batting: RHB Héctor Escobar 0-0: Swinging Strike
0-1: Swinging Strike
0-2: Ground out 4-3 (Groundball, 4, EV 66.3 MPH)
José López to second
Batting: LHB Greg Scott 0-0: Ball
1-0: Ball
2-0: Fly out, F2 (Popup, 2LF, EV 91.3 MPH)
Batting: LHB Iván García 0-0: Called Strike
0-1: Ball
1-1: Called Strike
1-2: Strikes out swinging
Top of the 7th over - 0 runs, 0 hits, 0 errors, 1 left on base; DSL New York (A) 7 - DSL Oakland 3
BOTTOM OF THE 7TH
DSL Oakland Athletics batting - Pitching for DSL New York (A) Yankees : LHP Freddie O'Madden
Batting: RHB Juan Sierra 0-0: Called Strike
0-1: Swinging Strike
0-2: Ball
1-2: SOLO HOME RUN (Flyball, 9LD, EV 92.5 MPH), Distance : 335 ft
Pinch Hitting: LHB Horst Hinkamp 0-0: Called Strike
0-1: Foul Ball, location: 9LSF
0-2: Foul Ball, location: 2F
0-2: Ball
1-2: Foul Ball, location: 2F
1-2: Ball
2-2: Strikes out swinging
Batting: RHB Tony Meléndez 0-0: Ball
1-0: Ball
2-0: Ball
3-0: Called Strike
3-1: Foul Ball, location: 9LMF
3-2: Foul Ball, location: 9LDF
3-2: Ground out U3 (Groundball, 3, EV 98.8 MPH)
Batting: RHB Jesús Romo 0-0: Called Strike
0-1: Called Strike
0-2: Ball
1-2: Foul Ball, location: 2F
1-2: Ball
2-2: Ball
3-2: Base on Balls
Batting: RHB Ángelo Lacero 0-0: Called Strike
0-1: Ball
1-1: Called Strike
1-2: Foul Ball, location: 5DF
1-2: Foul Ball, location: 2F
1-2: Ball
2-2: Foul Ball, location: 2F
2-2: DOUBLE (Groundball, 5L, EV 101.9 MPH)
Jesús Romo to third
Runner from 3rd tries for Home, SAFE, throw by LF to home
Batting: RHB Mauro Gallegos 0-0: Foul Ball, location: 2F
0-1: Ball
1-1: Ball
2-1: Foul Ball, location: 5F
2-2: Strikes out swinging
Bottom of the 7th over - 2 runs, 2 hits, 0 errors, 1 left on base; DSL New York (A) 7 - DSL Oakland 5
TOP OF THE 8TH
DSL New York (A) Yankees batting - Pitching for DSL Oakland Athletics : RHP Cris Ruíz
Now at SS: Jesús Cruz
Pinch Hitting: RHB Donnie Cooper 0-0: Called Strike
0-1: Ball
1-1: Ball
2-1: Ground out 5-3 (Groundball, 56S, EV 79.4 MPH)
Batting: RHB Don Dixon 0-0: Ball
1-0: Ball
2-0: Foul Ball, location: 2RF
2-1: Swinging Strike
2-2: Foul Ball, location: 7LMFF
2-2: Strikes out swinging
Batting: LHB Jon Bennett 0-0: Called Strike
0-1: Called Strike
0-2: Ball
1-2: Ball
2-2: Strikes out looking
Top of the 8th over - 0 runs, 0 hits, 0 errors, 0 left on base; DSL New York (A) 7 - DSL Oakland 5
BOTTOM OF THE 8TH
DSL Oakland Athletics batting - Pitching for DSL New York (A) Yankees : LHP Freddie O'Madden
Now in RF: Alfredo Medrano
Batting: LHB José Cavaco 0-0: Called Strike
0-1: Swinging Strike
0-2: Ball
1-2: Strikes out swinging
Batting: RHB António Garza 0-0: Ball
1-0: Foul Ball, location: 9LDF
1-1: Called Strike
1-2: Strikes out swinging
Batting: SHB Cristián Meza 0-0: Hit by Pitch
Batting: RHB Juan Sierra 0-0: Called Strike
0-1: Called Strike
0-2: Ball
1-2: Ball
2-2: Foul Ball, location: 9LMF
2-2: Ball
3-2: Base on Balls
Cristián Meza to second
Pitching: RHP Curt Keller
Batting: LHB Jesús Cruz 0-0: Foul Ball, location: 25F
0-1: Foul Ball, location: 7LSF
0-2: Ball
1-2: Strikes out swinging
Bottom of the 8th over - 0 runs, 0 hits, 0 errors, 2 left on base; DSL New York (A) 7 - DSL Oakland 5
TOP OF THE 9TH
DSL New York (A) Yankees batting - Pitching for DSL Oakland Athletics : RHP Cris Ruíz
Batting: LHB Sean Jenkins 0-0: Foul Ball, location: 3SF
0-1: Ball
1-1: Ball
2-1: Called Strike
2-2: Ball
3-2: TRIPLE (Line Drive, 89XD, EV 109.4 MPH)
Batting: RHB Jake Frazier 0-0: Ball
1-0: Swinging Strike
1-1: Called Strike
1-2: Strikes out swinging
Batting: RHB José López 0-0: Intentional Walk
Batting: RHB Héctor Escobar 0-0: Called Strike
0-1: Ball
1-1: Grounds into double play, 4-6-3 (Groundball, 34, EV 85.6 MPH)
Top of the 9th over - 0 runs, 1 hit, 0 errors, 1 left on base; DSL New York (A) 7 - DSL Oakland 5
BOTTOM OF THE 9TH
DSL Oakland Athletics batting - Pitching for DSL New York (A) Yankees : RHP Curt Keller
Pitching: LHP Dave Jones
Now in CF: Sergio Albertoni
Pinch Hitting: RHB José Benítez 0-0: Ball
1-0: Fly out, F7 (Flyball, 7, EV 100.6 MPH)
Batting: RHB Jesús Romo 0-0: Called Strike
0-1: Ball
1-1: Ball
2-1: Ground out U3 (Groundball, 34S, EV 86.9 MPH)
Batting: RHB Ángelo Lacero 0-0: Ball
1-0: Called Strike
1-1: Swinging Strike
1-2: Foul Ball, location: 5F
1-2: Strikes out looking
Bottom of the 9th over - 0 runs, 0 hits, 0 errors, 0 left on base; DSL New York (A) 7 - DSL Oakland 5
Friday, May 3rd , 2024 - OOTP Baseball 24.10 Build 82